 Dungeon Crawl Stone Soup version 0.32-a0-7-ge934b4519a (webtiles) character file.

Game seed: 1742539472351484130

529 oldriver the Trooper (level 7, 0/55 HPs)
             Began as a Demonspawn Fighter on Jan 11, 2024.
             Slain by a jelly (1 damage)
             ... on level 4 of the Dungeon on Jan 13, 2024.
             The game lasted 00:05:07 (4191 turns).

oldriver the Trooper (Demonspawn Fighter)           Turns: 4191, Time: 00:05:07

Health: 0/55       AC:  6    Str: 18    XL:     7   Next: 3%
Magic:  12/12      EV:  9    Int:  8    God:
Gold:   149        SH:  6    Dex: 15    Spells: 10/13 levels left

rFire   . . .        a - +0 war axe
rCold   . . .        c - +1 buckler
rNeg    . . .        b - +0 scale mail
rPois   .            (helmet restricted)
rElec   .            (no cloak)
rCorr   .            (no gloves)
SInv    .            (no boots)
Will    .....        (no amulet)
Stlth   +            (no ring)
HPRegen 0.29/turn    (no ring)
MPRegen 0.13/turn

%: no passive effects
@: no status effects
A: antennae 2, thin skeletal structure 1, demonic magic 2
a: no special abilities


You were on level 4 of the Dungeon.
You visited 1 branch of the dungeon, and saw 4 of its levels.
You also visited: Sewer.

You collected 149 gold pieces.

Inventory:

Hand Weapons
 a - a +0 war axe (weapon)
Missiles
 g - a throwing net (quivered)
Armour
 b - a +0 scale mail (worn)
 c - a +1 buckler (worn)
 i - a +0 helmet
Jewellery
 r - a ring of poison resistance
Wands
 u - a wand of roots (6)
Scrolls
 h - a scroll of identify {unknown}
 j - a scroll of amnesia {unknown}
 n - a scroll of vulnerability {unknown}
 s - a scroll of enchant armour
 t - a scroll of immolation {unknown}
 v - a scroll of revelation
Potions
 d - 2 potions of might
 e - a potion of attraction {unknown}
 f - 2 potions of mutation {unknown}
 k - 3 potions of magic {unknown}
 l - 2 potions of degeneration {unknown}
 m - 3 potions of curing {unknown}
 o - 2 potions of haste {unknown}
 p - 2 potions of invisibility {unknown}
 q - a potion of resistance {unknown}


   Skills:
 + Level 4.9 Fighting
 - Level 3.2 Axes
 - Level 2.6 Armour
 - Level 2.6 Shields
 * Level 3.9 Spellcasting
 * Level 1.7 Conjurations
 * Level 1.6 Earth Magic


You had 10 spell levels left.
You knew the following spells:

 Your Spells              Type           Power      Damage    Failure   Level
a - Stone Arrow           Conj/Erth      8%         3d7       87%         3

Your spell library contained the following spells:

 Spells                   Type           Power      Damage    Failure   Level
 Animate Armour           Summ/Erth      4%         N/A       100%        4
 Lehudib's Crystal Spear  Conj/Erth      2%         10d2      100%        8


Dungeon Overview and Level Annotations

Branches:
Dungeon (4/15)              Sewer (visited)
 Temple: D:4-7

Altars:
Okawaru
Xom

Shops:
D:1 :


Innate Abilities, Weirdness & Mutations

You have a pair of antennae on your head.
You have a somewhat thin skeletal structure. (Dex +2, Stealth+)
Spells you cast may paralyse nearby enemies.


Message History

* * * LOW HITPOINT WARNING * * *
You block the bombardier beetle's attack.
You hit the bombardier beetle.
The bombardier beetle is severely wounded.
The liquid fire burns you!
* * * LOW HITPOINT WARNING * * *
The bombardier beetle bites you but does no damage.
You barely miss the bombardier beetle.
The bombardier beetle is severely wounded.
The bombardier beetle bites you but does no damage.
You slash the bombardier beetle!
You kill the bombardier beetle!
You have reached level 7!
Your demonic ancestry asserts itself...
The antennae on your head grow some more.
You start resting.
You sense a monster nearby.
A jelly comes into view.
The jelly quivers.
Found 2 potions of might.
You hit the jelly but do no damage.
Your hands burn!
* * * LOW HITPOINT WARNING * * *
The jelly hits you but does no damage.
You hit the jelly.
Your hands burn!
* * * LOW HITPOINT WARNING * * *
The jelly is lightly wounded.
The jelly barely misses you. The jelly hits you but does no damage.
You slash the jelly!
Your hands burn!
* * * LOW HITPOINT WARNING * * *
The jelly is moderately wounded.
The jelly hits you but does no damage.
You hit the jelly.
Your hands burn!
* * * LOW HITPOINT WARNING * * *
The jelly is heavily wounded.
You block the jelly's attack.
You slash the jelly!
Your hands burn!
* * * LOW HITPOINT WARNING * * *
The jelly is severely wounded.
The jelly hits you but does no damage. The jelly hits you.
You die...

##!#. ... ...
... #.# #.#
#.# ##@##,#
##..J#.#
##......#
##.†.....##
#.........#
+...........
#.........###
##.......##
##.....##


You could see a jelly.

Vanquished Creatures
  A kobold brigand (Sewer)
  A jelly (D:4)
  2 bombardier beetles (D:4)
  A hound (D:4)
  2 orc priests (D:4)
  Robin (D:3)
  3 gnolls (D:3)
  6 river rats
  5 adders
  3 ribbon worms
  6 orcs
  4 endoplasms
  4 giant cockroaches
  15 goblins
  12 hobgoblins
  2 jackals (D:2)
  4 quokkas
  8 ball pythons
  6 bats
  4 frilled lizards
  21 kobolds
  20 rats
131 creatures vanquished.

Notes
Turn   | Place    | Note
-------+----------+-------------------------------------------
     0 | D:1      | oldriver the Demonspawn Fighter began the quest for the
                  | Orb.
     0 | D:1      | Reached XP level 1. HP: 18/18 MP: 1/1
   272 | D:1      | Found Jaebah's Book Emporium.
   369 | D:1      | Gained mutation: Spells you cast may paralyse adjacent
                  | enemies. [demonic ancestry]
   369 | D:1      | Reached XP level 2. HP: 24/24 MP: 2/2
   774 | D:2      | Gained mutation: You have a somewhat thin skeletal
                  | structure. (Dex +2, Stealth+) [demonic ancestry]
   774 | D:2      | Reached XP level 3. HP: 29/29 MP: 3/3
  1399 | D:2      | Upgraded the game from 0.31-a0-1616-gbeaec30b81 to
                  | 0.32-a0-7-ge934b4519a
  1681 | D:3      | Found an iron altar of Okawaru.
  1695 | D:3      | Reached XP level 4. HP: 33/37 MP: 4/4
  1708 | D:3      | Noticed Robin
  1728 | D:3      | Reached skill level 1 in Spellcasting
  1739 | D:3      | Killed Robin
  1740 | D:3      | Reached skill level 4 in Fighting
  1884 | D:3      | Gained mutation: Spells you cast may paralyse nearby
                  | enemies. [demonic ancestry]
  1884 | D:3      | Reached XP level 5. HP: 30/42 MP: 6/8
  1889 | D:3      | Found a glowing drain.
  1902 | Sewer    | Entered a sewer
  2229 | Sewer    | Gained mutation: You have a pair of small antennae on your
                  | head. [demonic ancestry]
  2229 | Sewer    | Reached XP level 6. HP: 37/49 MP: 10/10
  3300 | D:3      | Learned a level 3 spell: Stone Arrow
  3822 | D:4      | Found a shimmering altar of Xom.
  3901 | D:4      | Reached skill level 1 in Conjurations
  3901 | D:4      | Reached skill level 1 in Earth Magic
  4179 | D:4      | Gained mutation: You have a pair of antennae on your head.
                  | [demonic ancestry]
  4179 | D:4      | Reached XP level 7. HP: 14/55 MP: 12/12
  4190 | D:4      | HP: 2/55 [acid (5)]
  4191 | D:4      | Slain by a jelly

Illustrated notes

Levels and vault maps discovered:
D:1:      mrwooster_arrival_arrow, layout_basic, serial_shops,
          nicolae_shop_back_alley_shop
D:2:      layout_basic, grunt_decor_fettered
D:3:      layout_loops_ring, okawaru_metal_pillars_3, gup_sewer_entry_bubbles,
          kennysheep_big_empty_room, uniq_robin
D:4:      layout_loops_corners, mainiacjoe_overflow_six_doors_small,
          mainiacjoe_overflow_chevrons

Skill      XL: |  1  2  3  4  5  6 |
---------------+-------------------+-----
Axes           | 2 3 |  3.2
Spellcasting   | 2 3 |  3.9
Fighting       | 4 |  4.9
Conjurations   | 1 |  1.7
Earth Magic    | 1 |  1.6
Armour         | |  2.6
Shields        | |  2.6

Action                     |  1- 3 |  4- 6 |  7- 9 || total
---------------------------+-------+-------+-------++-------
  Melee: War axe           |   130 |   248 |     5 ||   383
    Use: Scroll            |     3 |       |       ||     3
   Stab: Sleeping          |       |     1 |       ||     1
 Armour: Scale mail        |   100 |   145 |     5 ||   250
  Dodge: Dodged            |    58 |    96 |     1 ||   155
  Block: Buckler           |    31 |    80 |     1 ||   112

Table legend: (Time is in decaauts)
 A = Elapsed time spent in this place.
 B = Non-inter-level travel time spent in this place.
 C = Inter-level travel time spent in this place.
 D = Time resting spent in this place.
 E = Time spent auto-exploring this place.
 F = Levels seen in this place.
 G = Mean time per level.
                   A        B        C        D        E       F      G
               +--------+--------+--------+--------+--------+-----+--------+
         Total |   4382 |   4288 |     94 |    152 |   3134 |   5 |  876.4 |
       Dungeon |   3367 |   3273 |     94 |     93 |   2419 |   4 |  841.8 |
         Sewer |   1014 |   1014 |      0 |     59 |    714 |   1 | 1014.0 |
               +--------+--------+--------+--------+--------+-----+--------+

Top non-repeatable levels by time:
     D:2: 1033 daAuts
     D:3: 1018 daAuts
   Sewer: 1014 daAuts
     D:1: 694 daAuts
     D:4: 621 daAuts
